 Dungeon Crawl Stone Soup version 0.25.0-9-g26727b657a (webtiles) character file.

Game seed: 9191829264756950840

3334 mopl the Martial Artist (level 10, -5/52 HPs)
             Began as a Kobold Transmuter on June 18, 2020.
             Was a Believer of Uskayaw.
             Slain by a two-headed ogre
             ... wielding a +0 giant club
              (11 damage)
             ... on level 8 of the Dungeon.
             The game lasted 00:17:32 (10435 turns).

mopl the Martial Artist (Kobold Transmuter)        Turns: 10435, Time: 00:17:33

Health: -5/52      AC:  2    Str: 12    XL:     10   Next: 22%
Magic:  17/19      EV: 20    Int: 14    God:    Uskayaw [**....]
Gold:   143        SH:  0    Dex: 20    Spells: 3/21 levels left

rFire    . . .     SeeInvis .     - Unarmed
rCold    . . .     Gourm    .   (shield currently unavailable)
rNeg     . . .     Faith    .   (armour currently unavailable)
rPois    x         Spirit   .   (helmet currently unavailable)
rElec    .         Reflect  .   (cloak currently unavailable)
rCorr    .         Harm     .   (gloves currently unavailable)
MR       .....                  (boots currently unavailable)
Stlth    ++........             A - amulet of the acrobat
HPRegen  0.17/turn              (no ring)
MPRegen  0.16/turn              (no ring)

@: spider-form (expiring)
A: tiny, carnivore
a: End Transformation, Stomp, Line Pass, Renounce Religion


You were on level 8 of the Dungeon.
You worshipped Uskayaw.
Uskayaw was noncommittal.
You were completely stuffed.
You were a venomous arachnid creature.
You visited 2 branches of the dungeon, and saw 9 of its levels.
You also visited: Sewer.

You collected 360 gold pieces.
You spent 217 gold pieces at shops.

Inventory:

Hand Weapons
 a - a +2 dagger of venom (melded)
 b - a +0 hunting sling
Missiles
 c - 16 atropa-tipped darts
 e - 3 boomerangs
 i - 120 arrows
 j - 77 sling bullets
 l - 189 stones
 n - 52 poisoned darts (quivered)
Armour
 f - a +2 hat (melded)
 o - a +0 robe (melded)
 q - a +1 pair of gloves (melded)
 x - a +0 buckler
 H - a +0 cloak (melded)
Jewellery
 A - an amulet of the acrobat (around neck)
Wands
 E - a wand of enslavement (16)
 F - a wand of paralysis (6)
 G - a wand of digging (6)
 M - a wand of flame (15)
Scrolls
 h - 5 scrolls of enchant weapon {unknown}
 p - 3 scrolls of amnesia {unknown}
 r - 5 scrolls of remove curse {unknown}
 t - 2 scrolls of teleportation
 u - a scroll of immolation {unknown}
 y - a scroll of magic mapping {unknown}
 B - a scroll of identify
 D - 2 scrolls of noise {unknown}
 I - 2 scrolls of fear
 J - a scroll of summoning {unknown}
 K - 3 scrolls of fog {unknown}
 O - 2 scrolls of blinking {unknown}
 Q - a scroll of vulnerability {unknown}
Potions
 g - a potion of heal wounds
 k - a potion of mutation
 m - 6 potions of curing
 s - 2 potions of brilliance
 v - a potion of lignification
 w - 8 potions of magic
 z - a potion of cancellation
 C - 2 potions of stabbing
 L - a potion of might
 N - a potion of berserk rage {unknown}
Comestibles
 d - 14 rations
 P - 12 chunks of flesh


   Skills:
 - Level 1.1 Fighting
 - Level 2.4 Dodging
 * Level 9.2 Unarmed Combat
 - Level 6.0 Spellcasting
 + Level 2.4 Translocations
 + Level 6.3 Transmutations
 - Level 4.0 Ice Magic
 - Level 2.0 Poison Magic
 + Level 4.3 Invocations


You had 3 spell levels left.
You knew the following spells:

 Your Spells              Type           Power        Failure   Level  Hunger
a - Apportation           Tloc           ##....       17%         1    None
b - Spider Form           Tmut/Pois      ###.......   22%         3    ###....
c - Blade Hands           Tmut           ###.......   54%         5    ######.
d - Ice Form              Ice/Tmut       ###.....     38%         4    ####...
e - Blink                 Tloc           N/A          22%         2    #......
f - Beastly Appendage     Tmut           ###...       6%          1    None
w - Sticks to Snakes      Tmut           ###.....     8%          2    #......

Your spell library contained the following spells:

 Spells                   Type           Power        Failure   Level  Hunger
 Ensorcelled Hibernation  Hex/Ice        #.....       26%         2    #......
 Shroud of Golubria       Chrm/Tloc      #.....       32%         2    #......
 Animate Skeleton         Necr           N/A          34%         1    None
 Corona                   Hex            #......      34%         1    None
 Foxfire                  Conj/Fire      #...         34%         1    None
 Infusion                 Chrm           #...         34%         1    None
 Magic Dart               Conj           #...         34%         1    None
 Summon Small Mammal      Summ           #...         34%         1    None
 Gell's Gravitas          Tloc           ##........   36%         3    ###....
 Ozocubu's Armour         Chrm/Ice       #.......     41%         3    ###....
 Call Imp                 Summ           #.......     45%         2    #......
 Slow                     Hex            #.......     45%         2    #......
 Song of Slaying          Chrm           #.......     45%         2    #......
 Mephitic Cloud           Conj/Pois/Air  #.......     58%         3    ###....
 Confusing Touch          Hex            #.......     65%         3    ###....
 Conjure Flame            Conj/Fire      #.......     65%         3    ###....
 Dazzling Flash           Conj/Hex       #.....       65%         3    ###....
 Inner Flame              Hex/Fire       #.......     65%         3    ###....
 Spectral Weapon          Hex/Chrm       #.......     65%         3    ###....
 Tukima's Dance           Hex            #.......     65%         3    ###....
 Petrify                  Tmut/Erth      ##......     63%         4    ####...
 Yara's Violent Unravell  Hex/Tmut       ##........   90%         5    ######.
 Sticky Flame             Conj/Fire      #.......     94%         4    ####...
 Metabolic Englaciation   Hex/Ice        #.........   96%         5    ######.
 Fireball                 Conj/Fire      #.........   100%        5    ######.


Dungeon Overview and Level Annotations

Branches:
Dungeon (8/15)             Temple (1/1) D:5           Sewer (visited)
   Lair: D:8-11

Altars:
Ashenzari
Cheibriados
Dithmenos
Elyvilon
Fedhas
Gozag
Hepliaklqana
Kikubaaqudgha
Makhleb
Nemelex Xobeh
Okawaru
Qazlal
Ru
Sif Muna
Trog
Uskayaw
Vehumet
Wu Jian
Xom
Yredelemnul
Zin
The Shining One

Shops:
D:5 ?

Annotations:
D:4 1 runed translucent door, windycow's ghost, amateur CeHu


Innate Abilities, Weirdness & Mutations

You are small and have problems with some larger weapons.
You are carnivorous and can eat meat at any time.


Message History

Unknown command.
You bite the two-headed ogre!
The two-headed ogre looks as sick as possible!
The two-headed ogre is heavily wounded.
The orc priest misses you. The two-headed ogre closely misses you.
The two-headed ogre barely misses you.
Unknown command.
You hit the two-headed ogre but do no damage.
The two-headed ogre is severely wounded.
The orc priest mumbles some strange prayers to Beogh against you.
Pain shoots through your body!
* * * LOW HITPOINT WARNING * * *
Unknown command.
Your transformation is almost over.
Some of the chunks of flesh in your inventory have rotted away.
You bite the orc priest!
You kill the orc priest!
The two-headed ogre barely misses you.
The two-headed ogre hits you with a +0 giant club!
You die...

## ####
#.....###### .##
####..## #......#
..# ##......##
#.##.....# ..#
#........##.#
###..... .##
#........o.##
###..O. .##
#.........o.#
...... ..##
##..........#
...... #..##
##....)O#...#
...... ##..#
###.....s.##...#
###.#####...##....#
#..#
.###......######.##
#O.# .##..##...#
### #(..
.##.###....# #(.
.#..# #.....# .(
.#.## .......# ...#
#........# ..##
#..........


You could see a two-headed ogre (extremely poisoned), an orc wizard and an orc.

Vanquished Creatures
  Pikel (D:6)
  Grinder (D:5)
  Sigmund (D:2)
  Menkaure (D:5)
  Duvessa (D:5)
  3 slaves (D:6)
  3 orc warriors
  A black bear (D:7)
  A phantom (D:8)
  2 ogres (D:6)
  A centaur (D:8)
  Blork the orc (D:5)
  4 bullfrogs
  Dowan (D:5)
  2 howler monkeys (D:4)
  4 crimson imps
  2 centaur zombies
  A quasit (D:8)
  3 orc priests
  A bullfrog skeleton (D:5)
  5 orc wizards
  Jessica (D:3)
  Natasha (D:4)
  Terence (D:2)
  An iguana (D:4)
  4 worker ants
  A hound zombie (D:7)
  3 hound skeletons
  A worker ant zombie (D:5)
  Robin (D:4)
  4 river rats (Sewer)
  14 adders
  2 shadow imps
  3 oozes
  3 adder skeletons
  3 worms
  2 dart slugs
  6 leopard geckos
  29 orcs
  6 bats
  2 giant cockroaches
  8 hobgoblins
  11 jackals
  3 quokkas
  3 ball pythons (Sewer)
  12 frilled lizards
  22 goblins
  4 kobolds
  18 rats
209 creatures vanquished.

Vanquished Creatures (others)
  A slave (D:6)
  A worker ant (D:4)
  A ball python skeleton (D:4)
  A quokka skeleton (D:6)
4 creatures vanquished.

Grand Total: 213 creatures vanquished

Notes
Turn   | Place    | Note
-------+----------+-------------------------------------------
     0 | D:1      | mopl the Kobold Transmuter began the quest for the Orb.
     0 | D:1      | Reached XP level 1. HP: 12/12 MP: 3/3
   447 | D:1      | Reached XP level 2. HP: 16/16 MP: 3/5
   451 | D:1      | Learned a level 2 spell: Sticks to Snakes
   738 | D:1      | Reached XP level 3. HP: 19/20 MP: 6/6
   746 | D:1      | Learned a level 3 spell: Spider Form
  1394 | D:2      | Noticed Terence
  1427 | D:2      | Killed Terence
  1427 | D:2      | Reached skill level 4 in Unarmed Combat
  1427 | D:2      | Reached XP level 4. HP: 11/25 MP: 6/8
  2030 | D:2      | Reached skill level 1 in Poison Magic
  2357 | D:2      | Noticed Sigmund
  2368 | D:2      | Killed Sigmund
  2368 | D:2      | Reached XP level 5. HP: 26/29 MP: 8/10
  2368 | D:2      | Reached XP level 6. HP: 30/34 MP: 8/11
  2387 | D:2      | Learned a level 4 spell: Ice Form
  2754 | D:3      | Noticed Jessica
  2763 | D:3      | Killed Jessica
  2763 | D:3      | Reached skill level 5 in Unarmed Combat
  3122 | D:3      | Found a shattered altar of Ashenzari.
  3278 | D:3      | Found an opulent altar of Gozag.
  3287 | D:3      | Noticed a phantom
  3602 | D:4      | Found a white marble altar of Elyvilon.
  3621 | D:4      | Became a worshipper of Elyvilon the Healer
  3627 | D:4      | Reached skill level 1 in Ice Magic
  3627 | D:4      | Reached XP level 7. HP: 29/38 MP: 12/12
  3676 | D:4      | Noticed Robin
  3694 | D:4      | Killed Robin
  4035 | D:4      | Noticed Natasha
  4047 | D:4      | Killed Natasha
  4463 | D:4      | Noticed windycow's ghost (amateur CeHu)
  4472 | D:4      | Found a runed translucent door.
  4678 | D:5      | Entered Level 5 of the Dungeon
  4706 | D:5      | Noticed Blork the orc
  4718 | D:5      | Killed Blork the orc
  4770 | D:5      | Reached skill level 6 in Unarmed Combat
  4781 | D:5      | Reached * piety under Elyvilon
  4814 | D:5      | Noticed Grinder
  4828 | D:5      | Killed Grinder
  4828 | D:5      | Reached XP level 8. HP: 24/43 MP: 14/14
  4960 | D:5      | Found Iclus's Magic Scroll Shop.
  4960 | D:5      | Noticed Menkaure
  4970 | D:5      | Killed Menkaure
  4977 | D:5      | Bought a scroll of identify for 28 gold pieces
  4977 | D:5      | Bought a scroll of random uselessness for 14 gold pieces
  4977 | D:5      | Bought a scroll of teleportation for 42 gold pieces
  4977 | D:5      | Bought a scroll of fear for 49 gold pieces
  4977 | D:5      | Bought a scroll of identify for 28 gold pieces
  5159 | D:5      | Found a glowing drain.
  5177 | Sewer    | Entered a sewer
  5569 | Sewer    | Reached skill level 7 in Unarmed Combat
  5866 | D:5      | Found a staircase to the Ecumenical Temple.
  6014 | Temple   | Entered the Ecumenical Temple
  6084 | Temple   | Fell from the grace of Elyvilon
  6084 | Temple   | Became a worshipper of Uskayaw the Reveler
  6099 | D:5      | Noticed Duvessa
  6099 | D:5      | Noticed Dowan
  6114 | D:5      | Reached * piety under Uskayaw
  6116 | D:5      | Killed Duvessa
  6116 | D:5      | Reached skill level 5 in Spellcasting
  6400 | D:5      | Found a sacrificial altar of Ru.
  6599 | D:5      | Killed Dowan
  6599 | D:5      | Reached ** piety under Uskayaw
  6621 | D:5      | Reached skill level 1 in Invocations
  6729 | D:5      | Found a snail-covered altar of Cheibriados.
  6940 | D:5      | Bought a scroll of identify for 28 gold pieces
  6940 | D:5      | Bought a scroll of identify for 28 gold pieces
  6987 | D:6      | Noticed Pikel
  6995 | D:6      | Reached XP level 9. HP: 47/47 MP: 13/16
  6997 | D:6      | Reached *** piety under Uskayaw
  7002 | D:6      | Reached **** piety under Uskayaw
  7004 | D:6      | Killed Pikel
  7004 | D:6      | Reached skill level 5 in Transmutations
  7442 | D:6      | Reached skill level 8 in Unarmed Combat
  7464 | D:6      | Found a shimmering altar of Xom.
  7498 | D:6      | Learned a level 5 spell: Blade Hands
  7661 | D:6      | Found an ornate altar of the Wu Jian Council.
  7869 | D:6      | Found a glowing silver altar of Zin.
  7961 | D:6      | Learned a level 2 spell: Blink
  8214 | D:7      | HP: 1/47 [orc/cursed -2 club (3)]
  8783 | D:7      | Found a blossoming altar of Fedhas.
  8831 | D:7      | Learned a level 1 spell: Apportation
  8871 | D:7      | Reached skill level 1 in Translocations
  9638 | D:8      | Reached XP level 10. HP: 35/52 MP: 17/19
  9643 | D:8      | Noticed a two-headed ogre
  9793 | D:8      | Found an ancient bone altar of Kikubaaqudgha.
  9983 | D:8      | Reached skill level 9 in Unarmed Combat
 10435 | D:8      | Slain by a two-headed ogre

Illustrated notes

Levels and vault maps discovered:
D:1:      matt_arrival_los_fun, layout_loops_corners, serial_bayou,
          serial_bayou_pond_d, serial_bayou_shore_b, serial_bayou_lagoon_a,
          serial_bayou_crossing
D:2:      layout_loops_ring, uniq_sigmund, uniq_terence
D:3:      layout_rooms, nicolae_gozag_cash_rules_everything_around_me,
          ashenzari_conservatory_becter, kennysheep_big_empty_room, uniq_jessica
D:4:      layout_loops_ring, elyvilon_altar_4, first_ration,
          hellmonk_ghost_happy_afterlife, uniq_natasha, uniq_robin
D:5:      layout_basic, kennysheep_mini, hangedman_ru_absence,
          minmay_temple_entry_large_hall, lightli_sewer_entry_pipes,
          serial_shops, shop, uniq_grinder, uniq_duvessa, uniq_menkaure,
          uniq_blork_the_orc
D:6:      layout_cave_pools, lemuel_crystal_altar,
          nicolae_overflow_crystal_walls, basic_altar, uniq_pikel
D:7:      layout_basic, basic_altar
D:8:      layout_cave_pods, kiku_gazebo_garden_becter
Temple:   eino_temple_water

Skill      XL: |  1  2  3  4  5  6  7  8  9 10 |
---------------+-------------------------------+-----
Unarmed Combat | 4 5 6 7 8 9 |  9.2
Poison Magic   | 1 2 |  2.0
Spellcasting   | 3 4 5 6 |  6.0
Transmutations | 3 4 5 6 |  6.3
Ice Magic      | 1 2 3 4 |  4.0
Invocations    | 1 3 4 |  4.3
Translocations | 1 2 |  2.4
Fighting       | |  1.1
Dodging        | |  2.4

Action                   |  1- 3 |  4- 6 |  7- 9 | 10-12 || total
-------------------------+-------+-------+-------+-------++-------
Melee: Unarmed           |    31 |       |   181 |    53 ||   265
       Kick              |     2 |       |       |       ||     2
       Headbutt          |     1 |       |       |       ||     1
       Dagger            |    59 |   154 |   369 |    43 ||   625
       Punch             |       |     3 |     8 |     3 ||    14
Throw: Dart              |       |       |       |     3 ||     3
 Cast: Beastly Appendage |     4 |       |       |       ||     4
       Spider Form       |       |       |    13 |     6 ||    19
       Ice Form          |       |       |     1 |       ||     1
 Abil: End Transformatio |       |       |     2 |       ||     2
Evoke: Wand              |       |       |     4 |       ||     4
  Use: Scroll            |       |       |     9 |       ||     9
 Stab: Sleeping          |     1 |     2 |     6 |       ||     9
       Paralysed         |       |       |    19 |     3 ||    22
  Eat: Chunk             |    10 |     7 |    21 |     4 ||    42
Armor: Robe              |     6 |    40 |    69 |     8 ||   123
       Skin              |       |       |     5 |     3 ||     8
Dodge: Dodged            |    61 |   141 |   340 |    83 ||   625
